 Dungeon Crawl Stone Soup version 0.28.0-1-gb440e238dd (webtiles) character file.

Game seed: 5540489731459354707

317 Ablot the Grasshopper (level 6, -1/51 HPs)
             Began as a Gnoll Warper on Feb 22, 2022.
             Was an Initiate of Okawaru.
             Slain by a sky beast (4 damage)
             ... on level 4 of the Dungeon.
             The game lasted 00:04:29 (4198 turns).

Ablot the Grasshopper (Gnoll Warper)                Turns: 4198, Time: 00:04:30

Health: -1/51      AC:  5    Str: 12    XL:     6   Next: 45%
Magic:  14/14      EV: 11    Int: 13    God:    Okawaru [......]
Gold:   227        SH:  0    Dex: 11    Spells: 15/15 levels left

rFire   . . .      SeeInvis .   f - +2 short sword (freeze)
rCold   . . .      Faith    .   (no shield)
rNeg    + . .      Spirit   .   k - +0 ring mail
rPois   .          Reflect  .   (no helmet)
rElec   .          Harm     .   (no cloak)
rCorr   .          Rampage  .   (no gloves)
Will    .....                   (no boots)
Stlth   +.........              (no amulet)
HPRegen 0.17/turn               j - ring of positive energy
MPRegen 0.14/turn               (no ring)

@: no status effects
A: fangs 1, strong nose, distributed training
a: Renounce Religion


You were on level 4 of the Dungeon.
You worshipped Okawaru.
Okawaru was noncommittal.
You visited 2 branches of the dungeon, and saw 5 of its levels.

You collected 227 gold pieces.

Inventory:

Hand Weapons
 a - a +0 trident
 f - a +2 short sword of freezing (weapon)
Missiles
 d - 5 boomerangs of dispersal
 e - 4 poisoned darts (quivered)
 h - 69 stones
 l - 10 sling bullets
 p - 18 arrows
Armour
 b - a +0 leather armour
 k - a +0 ring mail (worn)
Jewellery
 j - a ring of positive energy (left hand)
 o - a ring of willpower
Wands
 q - a wand of iceblast (6)
Scrolls
 c - 2 scrolls of blinking
 i - 2 scrolls of brand weapon {unknown}
 m - 6 scrolls of identify {unknown}
 s - a scroll of enchant weapon {unknown}
Potions
 g - a potion of brilliance {unknown}
 n - a potion of curing {unknown}
 r - a potion of heal wounds {unknown}
 t - a potion of might {unknown}


   Skills:
 + Level 5.0 Fighting
 + Level 2.0 Short Blades
 + Level 2.0 Long Blades
 + Level 2.0 Axes
 + Level 2.0 Maces & Flails
 + Level 5.0 Polearms
 + Level 2.0 Staves
 + Level 2.0 Slings
 + Level 2.0 Bows
 + Level 2.0 Crossbows
 + Level 3.2 Throwing
 + Level 3.2 Armour
 + Level 5.0 Dodging
 + Level 2.0 Stealth
 + Level 2.0 Shields
 + Level 2.0 Unarmed Combat
 + Level 5.3 Spellcasting
 + Level 1.5 Conjurations
 + Level 1.5 Hexes
 + Level 1.5 Summonings
 + Level 1.5 Necromancy
 + Level 5.6 Translocations
 + Level 1.5 Transmutations
 + Level 1.5 Fire Magic
 + Level 1.5 Ice Magic
 + Level 1.5 Air Magic
 + Level 1.5 Earth Magic
 + Level 1.5 Poison Magic
 + Level 2.1 Invocations
 + Level 2.0 Evocations


You had 15 spell levels left.
You didn't know any spells.
Your spell library contained the following spells:

 Spells                   Type           Power      Damage    Failure   Level
 Blink                    Tloc           36%        N/A       5%          2
 Gell's Gravitas          Tloc           18%        N/A       11%         3
 Lesser Beckoning         Tloc           18%        N/A       11%         3
 Teleport Other           Tloc           18%        N/A       11%         3
 Sting                    Tmut/Pois      28%        1d4       21%         1
 Poisonous Vapours        Pois/Air       14%        N/A       30%         2
 Manifold Assault         Tloc           18%        N/A       71%         5
 Olgreb's Toxic Radiance  Pois           7%         N/A       90%         4
 Alistair's Intoxication  Tmut/Pois      4%         N/A       99%         5
 Borgnjor's Vile Clutch   Necr/Erth      3%         N/A       99%         5
 Eringya's Noxious Bog    Tmut/Pois      3%         N/A       100%        6


Dungeon Overview and Level Annotations

Branches:
Dungeon (4/15)             Temple (1/1) D:4

Altars:
Dithmenos
Elyvilon
Fedhas
Kikubaaqudgha
Makhleb
Okawaru
Qazlal
Sif Muna
Trog
Uskayaw
Vehumet
Xom

Shops:
D:1 *


Innate Abilities, Weirdness & Mutations

You have very sharp teeth.
Your uncanny sense of smell can sniff out nearby items.
Your experience applies equally to all skills.


Message History

The sky beast hits you but does no damage.
You hit the sky beast but do no damage.
The sky beast is heavily wounded.
The sky beast hits you but does no damage.
You closely miss the sky beast.
The sky beast is heavily wounded.
The sky beast flickers out of sight!
Deactivating autopickup; reactivate with Ctrl-A.
Something hits you but does no damage.
No target in view!
No target in view!
No target in view!
No target in view!
You closely miss something. Your bite misses something. Something hits you.
Something shocks you.
You hit something but do no damage. Something hits you. Something shocks you.
You closely miss something. Something hits you but does no damage.
You miss something. Your bite misses something. Something hits you.
Something shocks you.
You closely miss something. Something hits you but does no damage.
You closely miss something. Something hits you. Something shocks you.
* * * LOW HITPOINT WARNING * * *
You hit something. You freeze something. Something hits you.
* * * LOW HITPOINT WARNING * * *
Something shocks you.
* * * LOW HITPOINT WARNING * * *
A sky beast appears from thin air!
Reactivating autopickup.
You puncture the sky beast! You freeze the sky beast.
The sky beast is almost dead.
The sky beast closely misses you.
Unknown command.
You completely miss the sky beast. Your punch misses the sky beast.
The sky beast is almost dead.
The sky beast hits you but does no damage.
Unknown command.
You barely miss the sky beast.
The sky beast is almost dead.
The sky beast hits you.
You die...

######### ## ........#
.# ........# ### .#
........###.##.. .#
#≈..?.##.# .# #Y######.#
.# #@##...#.# .#
#.##+#'#.#####.. .#
#.............# .#####
#.......#####.# .....#
#.....<.# .....#
#.......# .....#
#.......+ .....######
#.......#
..........+..>.#.......#


You could see a sky beast.

Vanquished Creatures
  A water moccasin skeleton (D:4)
  A howler monkey (D:3)
  A jelly (D:4)
  An iguana (D:4)
  Natasha (thrice) (D:2)
  A howler monkey skeleton (D:4)
  2 adders
  An ufetubus (D:3)
  An adder skeleton (D:4)
  A worm (D:4)
  A dart slug (D:3)
  5 orcs
  A bat (D:1)
  6 endoplasms
  6 goblins
  6 hobgoblins
  2 quokkas
  2 ball pythons
  5 frilled lizards
  11 kobolds
  5 rats
63 creatures vanquished.

Notes
Turn   | Place    | Note
-------+----------+-------------------------------------------
     0 | D:1      | Ablot the Gnoll Warper began the quest for the Orb.
     0 | D:1      | Reached XP level 1. HP: 20/20 MP: 6/6
   387 | D:1      | Reached XP level 2. HP: 13/26 MP: 7/7
   621 | D:1      | Found Odookk's Assorted Antiques.
   812 | D:1      | Found a faded altar of an unknown god.
  1111 | D:2      | Noticed Natasha
  1117 | D:2      | Killed Natasha
  1118 | D:2      | Reached skill level 5 in Spellcasting
  1118 | D:2      | Reached skill level 1 in Invocations
  1118 | D:2      | Reached XP level 3. HP: 30/31 MP: 7/9
  1127 | D:2      | Noticed Natasha
  1136 | D:2      | Killed Natasha
  1137 | D:2      | Reached skill level 1 in Short Blades
  1137 | D:2      | Reached skill level 1 in Long Blades
  1137 | D:2      | Reached skill level 1 in Axes
  1137 | D:2      | Reached skill level 1 in Maces & Flails
  1137 | D:2      | Reached skill level 1 in Staves
  1137 | D:2      | Reached skill level 1 in Slings
  1137 | D:2      | Reached skill level 1 in Bows
  1137 | D:2      | Reached skill level 1 in Crossbows
  1137 | D:2      | Reached skill level 1 in Stealth
  1137 | D:2      | Reached skill level 1 in Shields
  1137 | D:2      | Reached skill level 1 in Unarmed Combat
  1137 | D:2      | Reached skill level 1 in Evocations
  1137 | D:2      | Reached XP level 4. HP: 19/38 MP: 11/11
  1391 | D:2      | Noticed Natasha
  1398 | D:2      | Killed Natasha
  1399 | D:2      | Reached skill level 1 in Conjurations
  1399 | D:2      | Reached skill level 1 in Hexes
  1399 | D:2      | Reached skill level 1 in Summonings
  1399 | D:2      | Reached skill level 1 in Necromancy
  1399 | D:2      | Reached skill level 1 in Transmutations
  1399 | D:2      | Reached skill level 1 in Fire Magic
  1399 | D:2      | Reached skill level 1 in Ice Magic
  1399 | D:2      | Reached skill level 1 in Air Magic
  1399 | D:2      | Reached skill level 1 in Earth Magic
  1399 | D:2      | Reached skill level 1 in Poison Magic
  1956 | D:3      | Reached XP level 5. HP: 43/43 MP: 12/12
  3298 | D:4      | Reached XP level 6. HP: 33/50 MP: 13/13
  3406 | D:4      | Found a stormy altar of Qazlal.
  3676 | D:4      | Found a staircase to the Ecumenical Temple.
  3689 | D:4      | Reached skill level 5 in Fighting
  3689 | D:4      | Reached skill level 5 in Polearms
  3689 | D:4      | Reached skill level 5 in Dodging
  3693 | Temple   | Entered the Ecumenical Temple
  3995 | Temple   | Became a worshipper of Warmaster Okawaru
  4178 | D:4      | Noticed a sky beast
  4198 | D:4      | Slain by a sky beast

Illustrated notes

Levels and vault maps discovered:
D:1:      nzn_arrival_depleted_hourglass, layout_rooms,
          hellmonk_ecumenical_altar_prayer_group, serial_shops, shop,
          minmay_liquid_box
D:2:      layout_basic, uniq_natasha
D:3:      layout_rooms
D:4:      layout_basic, mainiacjoe_overflow_24_doors,
          minmay_temple_entry_large_hall
Temple:   minmay_temple_curvy_loop

Skill      XL: |  1  2  3  4  5  6 |
---------------+-------------------+-----
Spellcasting   | 5 |  5.3
Invocations    | 1 2 |  2.1
Short Blades   | 1 2 |  2.0
Long Blades    | 1 2 |  2.0
Axes           | 1 2 |  2.0
Maces & Flails | 1 2 |  2.0
Staves         | 1 2 |  2.0
Slings         | 1 2 |  2.0
Bows           | 1 2 |  2.0
Crossbows      | 1 2 |  2.0
Stealth        | 1 2 |  2.0
Shields        | 1 2 |  2.0
Unarmed Combat | 1 2 |  2.0
Evocations     | 1 2 |  2.0
Conjurations   | 1 |  1.5
Hexes          | 1 |  1.5
Summonings     | 1 |  1.5
Necromancy     | 1 |  1.5
Transmutations | 1 |  1.5
Fire Magic     | 1 |  1.5
Ice Magic      | 1 |  1.5
Air Magic      | 1 |  1.5
Earth Magic    | 1 |  1.5
Poison Magic   | 1 |  1.5
Throwing       | 3 |  3.2
Armour         | 3 |  3.2
Fighting       | 5 |  5.0
Polearms       | 5 |  5.0
Dodging        | 5 |  5.0
Translocations | |  5.6

Action                   |  1- 3 |  4- 6 || total
-------------------------+-------+-------++-------
Melee: Spear             |    15 |       ||    15
       Short sword       |    42 |   178 ||   220
       Bite              |     2 |    11 ||    13
       Punch             |       |     2 ||     2
Armor: Leather armour    |    10 |       ||    10
       Ring mail         |       |    63 ||    63
Dodge: Dodged            |    26 |   100 ||   126
